[ AOE2 MATCH · #478769626 ]
UnrankedTeutons vs Bohemians
[ REPLAY ANALYSIS · EXTRACTED FROM THE RECORDED GAME ]
Feudal
17:50
Castle
22:39
Imperial
36:51
| APM avg | 21.3 |
| APM peak | 63 |
| eAPM avg | 13.6 |
| Villagers / military | 94 / 96 |
Focus
⚔️ 18.6% · 🌾 81.4%
Knight ×96
Feudal
11:26
Castle
15:00
Imperial
33:48
| APM avg | 33.8 |
| APM peak | 69 |
| eAPM avg | 18.9 |
| Villagers / military | 158 / 100 |
Focus
⚔️ 25.6% · 🌾 74.4%
Mangudai ×96 · Monk ×2 · Spearman ×2
Feudal
14:59
Castle
20:04
Imperial
28:38
| APM avg | 32.5 |
| APM peak | 65 |
| eAPM avg | 20.1 |
| Villagers / military | 158 / 84 |
Focus
⚔️ 26.8% · 🌾 73.2%
Spearman ×54 · Monk ×19 · Bombard Cannon ×11
Feudal
11:54
Castle
17:12
Imperial
34:17
| APM avg | 35.6 |
| APM peak | 76 |
| eAPM avg | 21.5 |
| Villagers / military | 117 / 171 |
Focus
⚔️ 26.2% · 🌾 73.8%
Knight ×147 · War Elephant ×6 · Monk ×5 · Archer ×5 · Mangonel ×4 · Battering Ram ×3
Feudal
9:20
Castle
24:24
Imperial
34:54
| APM avg | 37.9 |
| APM peak | 78 |
| eAPM avg | 25.5 |
| Villagers / military | 145 / 38 |
Focus
⚔️ 39.5% · 🌾 60.5%
Unknown (2550) ×241 · Unknown (2579) ×39 · Spearman ×35 · Trade Cart ×3 · Trebuchet (Packed) ×3
Feudal
11:52
Castle
15:28
Imperial
40:34
| APM avg | 46.3 |
| APM peak | 114 |
| eAPM avg | 19.2 |
| Villagers / military | 157 / 278 |
Focus
⚔️ 38.6% · 🌾 61.4%
Bolas Rider ×215 · Unknown (2550) ×43 · Spearman ×38 · Skirmisher ×11 · Archer ×9 · Battering Ram ×5
Feudal
10:57
Castle
24:32
Imperial
37:39
| APM avg | 39.8 |
| APM peak | 86 |
| eAPM avg | 17.8 |
| Villagers / military | 102 / 38 |
Focus
⚔️ 33.5% · 🌾 66.5%
Archer ×15 · War Wagon ×13 · Fire Lancer ×8 · Iron Pagoda ×2
Feudal
11:40
Castle
15:17
Imperial
29:41
| APM avg | 32.6 |
| APM peak | 90 |
| eAPM avg | 22.3 |
| Villagers / military | 156 / 298 |
Focus
⚔️ 53.0% · 🌾 47.0%
Woad Raider ×125 · Spearman ×108 · Battering Ram ×33 · Mangonel ×32
Match map
Initial resources + every placement click. Lines = walls · curves = elevation contours. ◆ gold · ⬟ stone · ● berries · ✦ relic · ◌ wall gap
Your base· Open — opponent sealed themselves in
bOOd's base· Open — opponent sealed themselves in
丞哥講話你要聽!'s base· ✓ Closed at 20:04 · 55t walls · no gate
usqyn's base· Open — opponent sealed themselves in
TW_Jerry's base· ✓ Closed at 24:24 · 25t walls · no gate
TW_彰化人's base· ✓ Closed at 15:28 · 0t walls · no gate
ahjol's base· ✓ Closed at 24:32 · 21t walls · 3 gate(s)
TW_HILEO's base· ✓ Closed at 15:17 · 6t walls · no gate
Smoothed initial terrain · ◌ = detected wall gap · hover for details
Inputs per minute
— ulan88 - - bOOd
Build order — ulan88
First 150 of 302 actions detected
| 0:04 | Build | House |
| 0:06 | Build | House |
| 0:07 | Create | Villager (Male) |
| 0:07 | Create | Villager (Male) |
| 0:29 | Create | Villager (Male) |
| 0:30 | Create | Villager (Male) |
| 1:30 | Research | Loom |
| 2:44 | Build | House |
| 4:01 | Create | Villager (Male) |
| 4:01 | Create | Villager (Male) |
| 4:44 | Create | Villager (Male) |
| 4:44 | Create | Villager (Male) |
| 5:58 | Build | Palisade Gate |
| 7:06 | Build | Palisade Wall |
| 7:22 | Build | House |
| 7:27 | Create | Villager (Male) |
| 7:27 | Create | Villager (Male) |
| 7:44 | Build | House |
| 8:12 | Build | House |
| 8:20 | Build | House |
| 8:44 | Create | Villager (Male) |
| 8:45 | Create | Villager (Male) |
| 8:53 | Build | Palisade Wall |
| 9:02 | Build | Palisade Wall |
| 9:11 | Create | Villager (Male) |
| 9:12 | Create | Villager (Male) |
| 9:45 | Create | Villager (Male) |
| 9:45 | Create | Villager (Male) |
| 10:25 | Create | Villager (Male) |
| 10:39 | Build | Lumber Camp |
| 10:51 | Build | Mill |
| 11:03 | Create | Villager (Male) |
| 12:10 | Create | Villager (Male) |
| 12:11 | Create | Villager (Male) |
| 12:37 | Create | Villager (Male) |
| 12:47 | Build | Barracks |
| 14:22 | Create | Villager (Male) |
| 14:41 | Build | House |
| 14:43 | Build | House |
| 14:48 | Create | Villager (Male) |
| 15:15 | Build | Mining Camp |
| 15:40 | Research | Feudal Age |
| 15:40 | Research | Feudal Age |
| 15:41 | Research | Feudal Age |
| 16:02 | Build | House |
| 16:56 | Build | Farm |
| 17:02 | Build | Farm |
| 17:30 | Build | House |
| 17:45 | Create | Villager (Male) |
| 17:50 | Age | Feudal Age |
| 18:06 | Build | Blacksmith |
| 18:09 | Create | Villager (Male) |
| 18:20 | Build | Farm |
| 18:57 | Build | Market |
| 19:01 | Create | Villager (Male) |
| 19:37 | Build | Farm |
| 19:59 | Research | Castle Age |
| 19:59 | Research | Castle Age |
| 20:00 | Research | Castle Age |
| 20:00 | Research | Castle Age |
| 20:31 | Build | Mining Camp |
| 21:09 | Build | Stone Wall |
| 21:23 | Build | Stone Wall |
| 21:31 | Build | Stone Wall |
| 22:39 | Age | Castle Age |
| 22:46 | Create | Villager (Male) |
| 22:46 | Create | Villager (Male) |
| 22:53 | Research | Double-Bit Axe |
| 22:55 | Research | Horse Collar |
| 23:19 | Build | Farm |
| 23:41 | Create | Villager (Male) |
| 23:55 | Build | Castle |
| 24:09 | Build | Farm |
| 24:12 | Build | Farm |
| 24:35 | Create | Villager (Male) |
| 25:12 | Build | Farm |
| 25:14 | Create | Villager (Male) |
| 25:27 | Research | Heavy Plow |
| 25:28 | Research | Heavy Plow |
| 25:48 | Build | Farm |
| 25:58 | Create | Villager (Male) |
| 26:12 | Build | Town Center |
| 26:21 | Create | Villager (Male) |
| 26:27 | Build | Farm |
| 26:55 | Create | Villager (Male) |
| 27:00 | Build | Farm |
| 27:18 | Research | Bow Saw |
| 27:41 | Build | Farm |
| 27:47 | Create | Villager (Male) |
| 27:50 | Create | Villager (Male) |
| 28:18 | Build | Town Center |
| 28:22 | Create | Villager (Male) |
| 28:26 | Create | Villager (Male) |
| 28:27 | Create | Villager (Male) |
| 28:32 | Build | Farm |
| 28:40 | Build | Farm |
| 29:11 | Create | Villager (Male) |
| 29:13 | Build | Farm |
| 29:14 | Create | Villager (Male) |
| 29:22 | Research | Gold Mining |
| 29:26 | Create | Villager (Male) |
| 29:42 | Build | Farm |
| 30:17 | Build | Stone Wall |
| 30:22 | Build | Stone Wall |
| 30:27 | Create | Villager (Male) |
| 30:27 | Create | Villager (Male) |
| 30:40 | Create | Villager (Male) |
| 30:41 | Create | Villager (Male) |
| 30:50 | Build | Farm |
| 30:52 | Create | Villager (Male) |
| 31:20 | Create | Villager (Male) |
| 31:31 | Build | Palisade Wall |
| 32:02 | Create | Villager (Male) |
| 32:27 | Create | Villager (Male) |
| 32:34 | Build | House |
| 33:00 | Build | House |
| 33:34 | Build | House |
| 33:41 | Research | Imperial Age |
| 33:41 | Research | Imperial Age |
| 33:50 | Build | House |
| 33:54 | Build | House |
| 33:58 | Build | House |
| 34:09 | Build | House |
| 34:35 | Create | Villager (Male) |
| 34:36 | Research | Wheelbarrow |
| 34:42 | Build | House |
| 34:45 | Build | House |
| 34:50 | Build | House |
| 35:06 | Create | Villager (Male) |
| 35:07 | Create | Villager (Male) |
| 35:34 | Build | Stable |
| 35:37 | Build | Stable |
| 35:38 | Build | Stable |
| 35:40 | Research | Forging |
| 35:40 | Research | Scale Barding Armor |
| 35:48 | Create | Villager (Male) |
| 35:49 | Create | Villager (Male) |
| 35:49 | Create | Villager (Male) |
| 36:01 | Build | Farm |
| 36:01 | Build | Farm |
| 36:01 | Build | Farm |
| 36:02 | Build | Farm |
| 36:02 | Build | Farm |
| 36:05 | Research | Town Watch |
| 36:20 | Create | Villager (Male) |
| 36:35 | Research | Bloodlines |
| 36:36 | Research | Bloodlines |
| 36:50 | Create | Villager (Male) |
| 36:51 | Age | Imperial Age |
| 36:53 | Research | Iron Casting |
Build order — bOOd
First 150 of 417 actions detected
| 0:02 | Create | Villager (Male) |
| 0:03 | Create | Villager (Male) |
| 0:03 | Create | Villager (Male) |
| 0:05 | Build | House |
| 0:06 | Build | House |
| 0:12 | Create | Villager (Male) |
| 0:12 | Create | Villager (Male) |
| 1:26 | Create | Villager (Male) |
| 1:50 | Build | Lumber Camp |
| 2:02 | Create | Villager (Male) |
| 2:02 | Create | Villager (Male) |
| 2:22 | Create | Villager (Male) |
| 2:23 | Create | Villager (Male) |
| 2:52 | Create | Villager (Male) |
| 3:08 | Create | Villager (Male) |
| 3:13 | Build | House |
| 3:42 | Create | Villager (Male) |
| 3:43 | Create | Villager (Male) |
| 4:03 | Create | Villager (Male) |
| 4:03 | Create | Villager (Male) |
| 4:14 | Build | Mill |
| 4:34 | Create | Villager (Male) |
| 4:35 | Create | Villager (Male) |
| 4:41 | Create | Villager (Male) |
| 4:41 | Create | Villager (Male) |
| 5:28 | Create | Villager (Male) |
| 5:32 | Build | House |
| 5:35 | Create | Villager (Male) |
| 5:49 | Create | Villager (Male) |
| 5:49 | Create | Villager (Male) |
| 6:08 | Create | Villager (Male) |
| 6:46 | Create | Villager (Male) |
| 7:18 | Build | Mining Camp |
| 7:50 | Create | Villager (Male) |
| 8:14 | Create | Villager (Male) |
| 8:15 | Create | Villager (Male) |
| 8:36 | Create | Villager (Male) |
| 9:07 | Build | House |
| 9:12 | Research | Feudal Age |
| 9:16 | Research | Feudal Age |
| 11:15 | Create | Villager (Male) |
| 11:15 | Create | Villager (Male) |
| 11:26 | Age | Feudal Age |
| 11:31 | Build | Market |
| 11:35 | Build | Blacksmith |
| 11:48 | Research | Double-Bit Axe |
| 11:54 | Research | Horse Collar |
| 12:20 | Research | Castle Age |
| 13:20 | Build | Mining Camp |
| 13:35 | Build | Barracks |
| 13:49 | Research | Loom |
| 13:50 | Create | Villager (Male) |
| 13:51 | Create | Villager (Male) |
| 15:00 | Age | Castle Age |
| 15:08 | Build | Town Center |
| 15:18 | Build | Town Center |
| 15:21 | Build | Stable |
| 15:54 | Create | Villager (Male) |
| 16:05 | Build | Farm |
| 16:06 | Build | Farm |
| 16:06 | Build | Farm |
| 16:07 | Build | Farm |
| 16:22 | Create | Villager (Male) |
| 16:23 | Build | Farm |
| 16:29 | Build | Farm |
| 16:39 | Create | Villager (Male) |
| 16:40 | Create | Villager (Male) |
| 16:45 | Create | Villager (Male) |
| 16:50 | Build | Farm |
| 16:52 | Build | Farm |
| 17:05 | Create | Villager (Male) |
| 17:05 | Create | Villager (Male) |
| 17:10 | Build | Farm |
| 17:15 | Build | Farm |
| 17:35 | Create | Villager (Male) |
| 17:36 | Create | Villager (Male) |
| 17:36 | Create | Villager (Male) |
| 17:37 | Create | Villager (Male) |
| 17:37 | Create | Villager (Male) |
| 17:43 | Build | Farm |
| 17:44 | Build | Farm |
| 17:52 | Build | House |
| 17:53 | Build | House |
| 17:54 | Build | House |
| 17:55 | Build | House |
| 17:56 | Build | House |
| 18:00 | Create | Villager (Male) |
| 18:00 | Create | Villager (Male) |
| 18:11 | Build | House |
| 18:16 | Build | Farm |
| 18:31 | Create | Villager (Male) |
| 18:31 | Create | Villager (Male) |
| 18:31 | Create | Villager (Male) |
| 18:36 | Build | Farm |
| 18:41 | Create | Villager (Male) |
| 18:41 | Create | Villager (Male) |
| 18:46 | Build | Farm |
| 18:53 | Create | Villager (Male) |
| 18:53 | Create | Villager (Male) |
| 18:59 | Build | Farm |
| 19:05 | Create | Villager (Male) |
| 19:05 | Create | Villager (Male) |
| 19:14 | Build | Monastery |
| 19:17 | Create | Villager (Male) |
| 19:18 | Create | Villager (Male) |
| 19:32 | Create | Villager (Male) |
| 19:33 | Create | Villager (Male) |
| 19:33 | Create | Villager (Male) |
| 19:35 | Build | Farm |
| 19:41 | Build | Farm |
| 19:46 | Build | Farm |
| 19:54 | Create | Villager (Male) |
| 19:54 | Create | Villager (Male) |
| 19:54 | Create | Villager (Male) |
| 20:06 | Create | Monk |
| 20:15 | Create | Villager (Male) |
| 20:30 | Create | Villager (Male) |
| 20:30 | Create | Villager (Male) |
| 20:31 | Create | Villager (Male) |
| 20:42 | Build | Lumber Camp |
| 20:48 | Create | Villager (Male) |
| 20:48 | Create | Villager (Male) |
| 20:48 | Create | Villager (Male) |
| 20:52 | Build | Farm |
| 20:53 | Build | Farm |
| 20:57 | Build | Farm |
| 20:57 | Build | Farm |
| 20:57 | Build | Farm |
| 20:59 | Build | Farm |
| 21:13 | Research | Heavy Plow |
| 21:18 | Create | Villager (Male) |
| 21:18 | Create | Villager (Male) |
| 21:29 | Create | Villager (Male) |
| 21:29 | Create | Villager (Male) |
| 21:33 | Build | Farm |
| 21:34 | Build | Farm |
| 21:48 | Research | Bow Saw |
| 21:48 | Research | Bow Saw |
| 21:51 | Build | House |
| 21:53 | Build | House |
| 21:55 | Build | House |
| 21:56 | Build | House |
| 22:08 | Build | Gate |
| 22:14 | Build | Gate |
| 22:20 | Build | University |
| 22:24 | Build | Palisade Wall |
| 22:29 | Create | Spearman |
| 22:30 | Create | Spearman |
| 22:55 | Build | Castle |
| 23:18 | Build | Castle |
Build order — 丞哥講話你要聽!
First 150 of 391 actions detected
| 0:00 | Create | Villager (Male) |
| 0:01 | Create | Villager (Male) |
| 0:01 | Create | Villager (Male) |
| 0:02 | Build | House |
| 0:03 | Build | House |
| 0:11 | Create | Villager (Male) |
| 0:12 | Create | Villager (Male) |
| 1:21 | Research | Loom |
| 1:28 | Create | Villager (Male) |
| 1:29 | Create | Villager (Male) |
| 2:12 | Create | Villager (Male) |
| 2:13 | Create | Villager (Male) |
| 2:44 | Create | Villager (Male) |
| 2:45 | Create | Villager (Male) |
| 3:23 | Create | Villager (Male) |
| 3:24 | Create | Villager (Male) |
| 3:48 | Create | Villager (Male) |
| 3:48 | Create | Villager (Male) |
| 4:16 | Build | House |
| 4:20 | Create | Villager (Male) |
| 4:20 | Create | Villager (Male) |
| 4:33 | Build | Palisade Wall |
| 5:06 | Create | Villager (Male) |
| 5:06 | Create | Villager (Male) |
| 5:24 | Create | Villager (Male) |
| 6:00 | Build | Palisade Wall |
| 6:10 | Create | Villager (Male) |
| 6:10 | Create | Villager (Male) |
| 6:38 | Create | Villager (Male) |
| 6:38 | Create | Villager (Male) |
| 7:14 | Create | Villager (Male) |
| 7:14 | Create | Villager (Male) |
| 7:14 | Create | Villager (Male) |
| 7:18 | Create | Villager (Male) |
| 7:18 | Create | Villager (Male) |
| 7:32 | Build | Palisade Wall |
| 7:33 | Create | Villager (Male) |
| 7:34 | Create | Villager (Male) |
| 7:44 | Build | Lumber Camp |
| 8:25 | Create | Villager (Male) |
| 8:58 | Build | House |
| 9:03 | Create | Villager (Male) |
| 9:23 | Create | Villager (Male) |
| 9:39 | Build | Palisade Wall |
| 9:54 | Build | Palisade Wall |
| 10:04 | Create | Villager (Male) |
| 10:35 | Create | Villager (Male) |
| 10:44 | Create | Villager (Male) |
| 11:14 | Build | Palisade Wall |
| 11:16 | Build | Palisade Wall |
| 11:18 | Create | Villager (Male) |
| 11:29 | Build | House |
| 12:07 | Build | Barracks |
| 12:09 | Create | Villager (Male) |
| 12:17 | Build | Mining Camp |
| 12:37 | Create | Villager (Male) |
| 12:41 | Build | Mill |
| 12:49 | Research | Feudal Age |
| 12:49 | Research | Feudal Age |
| 13:05 | Build | Mining Camp |
| 13:20 | Build | Mill |
| 13:51 | Create | Villager (Male) |
| 13:52 | Create | Villager (Male) |
| 14:01 | Build | House |
| 14:59 | Age | Feudal Age |
| 15:03 | Build | Market |
| 15:10 | Build | Blacksmith |
| 15:37 | Build | Watch Tower |
| 15:45 | Create | Villager (Male) |
| 16:02 | Build | Stone Wall |
| 16:05 | Create | Villager (Male) |
| 16:32 | Create | Villager (Male) |
| 17:02 | Create | Villager (Male) |
| 17:24 | Research | Castle Age |
| 17:24 | Research | Castle Age |
| 18:29 | Build | Lumber Camp |
| 18:35 | Research | Double-Bit Axe |
| 18:50 | Create | Villager (Male) |
| 19:07 | Build | Farm |
| 19:08 | Build | Farm |
| 19:08 | Build | Farm |
| 19:08 | Build | Farm |
| 19:08 | Build | Farm |
| 19:09 | Build | Farm |
| 19:09 | Build | Farm |
| 19:09 | Build | Farm |
| 19:25 | Build | Farm |
| 19:36 | Research | Double-Bit Axe |
| 19:57 | Build | House |
| 20:04 | Age | Castle Age |
| 20:14 | Create | Villager (Male) |
| 20:38 | Create | Villager (Male) |
| 20:47 | Build | Gate |
| 21:02 | Build | Stone Wall |
| 21:03 | Build | Stone Wall |
| 21:05 | Create | Villager (Male) |
| 21:07 | Build | Farm |
| 21:09 | Create | Villager (Male) |
| 21:37 | Create | Villager (Male) |
| 22:04 | Create | Villager (Male) |
| 22:15 | Create | Villager (Male) |
| 22:58 | Create | Villager (Male) |
| 23:20 | Create | Villager (Male) |
| 23:28 | Build | House |
| 23:44 | Create | Villager (Male) |
| 23:53 | Research | Wheelbarrow |
| 24:03 | Build | Siege Workshop |
| 24:15 | Build | University |
| 24:45 | Build | Stone Wall |
| 24:57 | Research | Imperial Age |
| 25:47 | Build | Siege Workshop |
| 25:54 | Build | Lumber Camp |
| 25:55 | Create | Villager (Male) |
| 25:59 | Research | Chemistry |
| 27:04 | Build | House |
| 27:17 | Build | House |
| 27:25 | Create | Villager (Male) |
| 27:38 | Research | Treadmill Crane |
| 27:43 | Research | Fortified Wall (upgrade) |
| 28:12 | Build | House |
| 28:17 | Research | Bow Saw |
| 28:22 | Research | Horse Collar |
| 28:38 | Age | Imperial Age |
| 28:38 | Create | Bombard Cannon |
| 28:39 | Create | Bombard Cannon |
| 28:52 | Create | Bombard Cannon |
| 29:09 | Build | Siege Workshop |
| 29:12 | Create | Villager (Male) |
| 29:16 | Create | Bombard Cannon |
| 29:21 | Create | Villager (Male) |
| 29:42 | Create | Bombard Cannon |
| 29:50 | Create | Villager (Male) |
| 30:05 | Create | Villager (Male) |
| 30:14 | Create | Bombard Cannon |
| 30:27 | Create | Villager (Male) |
| 30:32 | Create | Bombard Cannon |
| 30:45 | Create | Villager (Male) |
| 31:05 | Create | Villager (Male) |
| 31:46 | Create | Bombard Cannon |
| 31:48 | Create | Villager (Male) |
| 31:48 | Create | Villager (Male) |
| 31:49 | Create | Villager (Male) |
| 31:49 | Create | Villager (Male) |
| 31:55 | Create | Villager (Male) |
| 31:58 | Create | Bombard Cannon |
| 32:00 | Create | Villager (Male) |
| 32:00 | Create | Villager (Male) |
| 32:03 | Build | House |
| 32:03 | Build | House |
| 32:06 | Create | Villager (Male) |
Build order — usqyn
First 150 of 372 actions detected
| 0:02 | Create | Villager (Male) |
| 0:02 | Create | Villager (Male) |
| 0:04 | Build | House |
| 0:06 | Build | House |
| 0:07 | Create | Villager (Male) |
| 0:07 | Create | Villager (Male) |
| 0:10 | Create | Villager (Male) |
| 1:32 | Build | Lumber Camp |
| 1:33 | Create | Villager (Male) |
| 1:33 | Create | Villager (Male) |
| 1:55 | Build | House |
| 2:26 | Create | Villager (Male) |
| 2:47 | Create | Villager (Male) |
| 2:59 | Create | Villager (Male) |
| 3:22 | Create | Villager (Male) |
| 3:23 | Create | Villager (Male) |
| 3:38 | Create | Villager (Male) |
| 3:39 | Create | Villager (Male) |
| 4:03 | Create | Villager (Male) |
| 4:03 | Create | Villager (Male) |
| 4:16 | Create | Villager (Male) |
| 4:17 | Create | Villager (Male) |
| 4:17 | Create | Villager (Male) |
| 4:45 | Create | Villager (Male) |
| 5:22 | Build | House |
| 6:14 | Build | Mill |
| 6:15 | Create | Villager (Male) |
| 6:35 | Create | Villager (Male) |
| 6:52 | Build | House |
| 7:03 | Create | Villager (Male) |
| 7:07 | Build | House |
| 7:25 | Create | Villager (Male) |
| 7:49 | Build | House |
| 7:50 | Create | Villager (Male) |
| 8:02 | Create | Villager (Male) |
| 8:10 | Build | Mining Camp |
| 8:11 | Create | Villager (Male) |
| 8:43 | Create | Villager (Male) |
| 9:10 | Build | House |
| 9:17 | Create | Villager (Male) |
| 9:24 | Build | House |
| 9:38 | Create | Villager (Male) |
| 9:46 | Research | Feudal Age |
| 9:53 | Create | Villager (Male) |
| 11:07 | Build | House |
| 11:13 | Build | Barracks |
| 11:41 | Build | Farm |
| 11:45 | Build | Farm |
| 11:54 | Age | Feudal Age |
| 11:55 | Research | Horse Collar |
| 12:00 | Build | Stable |
| 12:02 | Research | Double-Bit Axe |
| 12:04 | Create | Villager (Male) |
| 12:24 | Build | Farm |
| 12:29 | Build | Farm |
| 12:45 | Create | Scout Cavalry |
| 12:47 | Create | Villager (Male) |
| 12:52 | Build | Farm |
| 13:02 | Create | Villager (Male) |
| 13:08 | Build | Farm |
| 13:09 | Create | Villager (Male) |
| 13:13 | Build | Farm |
| 13:14 | Create | Villager (Male) |
| 13:57 | Create | Villager (Male) |
| 14:02 | Build | Archery Range |
| 14:13 | Build | Watch Tower |
| 14:15 | Create | Villager (Male) |
| 14:21 | Build | Farm |
| 14:46 | Research | Castle Age |
| 14:47 | Research | Castle Age |
| 14:49 | Research | Loom |
| 15:02 | Build | Blacksmith |
| 15:08 | Create | Archer |
| 15:08 | Create | Archer |
| 15:14 | Build | House |
| 15:20 | Build | Farm |
| 15:24 | Build | Farm |
| 15:43 | Research | Fletching |
| 15:43 | Research | Fletching |
| 15:50 | Build | House |
| 15:53 | Build | Farm |
| 15:58 | Build | Farm |
| 16:08 | Create | Villager (Male) |
| 16:33 | Create | Archer |
| 16:41 | Build | Farm |
| 16:42 | Create | Villager (Male) |
| 16:55 | Create | Villager (Male) |
| 17:08 | Create | Archer |
| 17:12 | Age | Castle Age |
| 17:25 | Build | Siege Workshop |
| 17:30 | Create | Archer |
| 17:38 | Create | Villager (Male) |
| 17:58 | Build | Market |
| 18:07 | Build | Monastery |
| 18:07 | Create | Villager (Male) |
| 18:15 | Build | Mining Camp |
| 18:37 | Build | House |
| 18:41 | Create | Villager (Male) |
| 18:59 | Create | Battering Ram |
| 19:08 | Build | House |
| 19:16 | Create | Villager (Male) |
| 19:25 | Create | Villager (Male) |
| 19:55 | Create | Villager (Male) |
| 20:03 | Build | Town Center |
| 20:04 | Create | Villager (Male) |
| 20:23 | Create | Villager (Male) |
| 20:26 | Research | Bow Saw |
| 20:48 | Create | Villager (Male) |
| 20:55 | Create | Monk |
| 21:12 | Create | Villager (Male) |
| 21:47 | Build | Town Center |
| 22:03 | Create | Villager (Male) |
| 22:09 | Research | Loom |
| 22:09 | Research | Loom |
| 22:30 | Create | Villager (Male) |
| 22:35 | Research | Wheelbarrow |
| 22:42 | Build | Farm |
| 22:43 | Build | Farm |
| 22:46 | Build | Farm |
| 22:48 | Build | Farm |
| 22:52 | Build | Farm |
| 22:53 | Build | Farm |
| 23:02 | Create | Villager (Male) |
| 23:15 | Create | Villager (Male) |
| 23:15 | Create | Villager (Male) |
| 23:30 | Build | Farm |
| 23:33 | Build | Farm |
| 23:35 | Create | Villager (Male) |
| 23:36 | Create | Villager (Male) |
| 23:36 | Create | Villager (Male) |
| 23:43 | Create | Villager (Male) |
| 23:43 | Create | Villager (Male) |
| 23:48 | Research | Gold Mining |
| 23:48 | Research | Stone Mining |
| 24:08 | Research | Hand Cart |
| 24:12 | Create | Villager (Male) |
| 24:13 | Create | Villager (Male) |
| 24:13 | Create | Villager (Male) |
| 24:13 | Create | Villager (Male) |
| 24:23 | Build | Siege Workshop |
| 24:35 | Create | Villager (Male) |
| 24:36 | Create | Villager (Male) |
| 24:36 | Create | Villager (Male) |
| 24:47 | Create | Villager (Male) |
| 24:53 | Create | Mangonel |
| 24:56 | Create | Monk |
| 24:59 | Create | Villager (Male) |
| 24:59 | Create | Villager (Male) |
| 25:07 | Build | House |
| 25:12 | Build | House |
Build order — TW_Jerry
First 150 of 543 actions detected
| 0:02 | Create | Villager (Male) |
| 0:02 | Create | Villager (Male) |
| 0:04 | Build | House |
| 0:05 | Build | House |
| 0:12 | Research | Loom |
| 0:12 | Create | Villager (Male) |
| 0:12 | Create | Villager (Male) |
| 0:12 | Create | Villager (Male) |
| 1:00 | Build | Palisade Wall |
| 1:41 | Create | Villager (Male) |
| 1:41 | Create | Villager (Male) |
| 1:59 | Build | Settlement |
| 2:22 | Create | Villager (Male) |
| 2:54 | Create | Villager (Male) |
| 3:16 | Create | Villager (Male) |
| 3:17 | Create | Villager (Male) |
| 3:41 | Create | Villager (Male) |
| 3:41 | Create | Villager (Male) |
| 4:30 | Create | Villager (Male) |
| 4:30 | Create | Villager (Male) |
| 4:59 | Create | Villager (Male) |
| 5:42 | Create | Villager (Male) |
| 5:42 | Create | Villager (Male) |
| 6:09 | Build | Settlement |
| 6:15 | Build | Settlement |
| 6:41 | Create | Villager (Male) |
| 7:10 | Research | Feudal Age |
| 7:50 | Build | Barracks |
| 8:23 | Create | Unit 2550 |
| 8:23 | Create | Unit 2550 |
| 8:37 | Create | Unit 2550 |
| 8:42 | Build | House |
| 8:44 | Build | House |
| 8:51 | Create | Unit 2550 |
| 9:11 | Create | Villager (Male) |
| 9:20 | Age | Feudal Age |
| 9:36 | Build | House |
| 9:39 | Create | Villager (Male) |
| 9:55 | Build | Watch Tower |
| 10:02 | Research | Tech 1402 |
| 10:09 | Build | House |
| 10:12 | Build | Farm |
| 10:30 | Create | Villager (Male) |
| 11:11 | Create | Villager (Male) |
| 11:18 | Create | Villager (Male) |
| 11:27 | Build | Settlement |
| 11:28 | Create | Villager (Male) |
| 12:19 | Create | Villager (Male) |
| 12:38 | Create | Villager (Male) |
| 12:52 | Create | Villager (Male) |
| 13:04 | Build | Watch Tower |
| 13:26 | Create | Villager (Male) |
| 13:38 | Create | Villager (Male) |
| 13:52 | Create | Villager (Male) |
| 13:58 | Create | Villager (Male) |
| 14:25 | Create | Villager (Male) |
| 15:09 | Create | Villager (Male) |
| 15:21 | Build | Stone Wall |
| 15:45 | Build | Stone Wall |
| 15:46 | Build | Stone Wall |
| 15:46 | Build | Stone Wall |
| 15:47 | Build | Stone Wall |
| 15:47 | Build | Stone Wall |
| 15:47 | Build | Stone Wall |
| 15:47 | Build | Stone Wall |
| 15:49 | Create | Villager (Male) |
| 15:56 | Build | Settlement |
| 16:08 | Research | Horse Collar |
| 16:12 | Build | Farm |
| 16:14 | Research | Double-Bit Axe |
| 16:26 | Create | Villager (Male) |
| 16:29 | Build | Farm |
| 16:29 | Build | Farm |
| 16:32 | Build | Farm |
| 16:32 | Build | Farm |
| 16:39 | Build | Farm |
| 16:41 | Create | Villager (Male) |
| 17:03 | Build | Palisade Wall |
| 17:10 | Build | Farm |
| 17:11 | Create | Villager (Male) |
| 17:29 | Build | Farm |
| 17:33 | Build | Farm |
| 17:38 | Build | Stone Wall |
| 17:40 | Create | Villager (Male) |
| 17:52 | Build | Farm |
| 17:54 | Build | Farm |
| 17:54 | Build | Farm |
| 17:57 | Build | Farm |
| 17:58 | Create | Villager (Male) |
| 18:27 | Create | Villager (Male) |
| 18:33 | Build | Settlement |
| 18:44 | Create | Villager (Male) |
| 18:54 | Build | Stone Wall |
| 18:56 | Build | Stone Wall |
| 19:03 | Build | Watch Tower |
| 19:08 | Create | Villager (Male) |
| 19:46 | Build | Settlement |
| 19:52 | Create | Villager (Male) |
| 20:10 | Build | Blacksmith |
| 20:27 | Create | Villager (Male) |
| 20:29 | Research | Wheelbarrow |
| 21:18 | Build | Market |
| 21:42 | Research | Castle Age |
| 21:45 | Research | Fletching |
| 22:07 | Research | Stone Mining |
| 22:27 | Research | Gold Mining |
| 23:08 | Create | Villager (Male) |
| 24:14 | Build | Stone Wall |
| 24:15 | Build | Stone Wall |
| 24:20 | Create | Villager (Male) |
| 24:24 | Age | Castle Age |
| 24:28 | Build | Castle |
| 24:32 | Research | Bodkin Arrow |
| 24:35 | Research | Heavy Plow |
| 24:37 | Research | Bow Saw |
| 24:42 | Build | Town Center |
| 24:51 | Build | Stone Wall |
| 25:09 | Create | Villager (Male) |
| 25:16 | Build | Farm |
| 25:20 | Build | Farm |
| 25:31 | Build | Town Center |
| 25:35 | Create | Villager (Male) |
| 25:54 | Build | Farm |
| 25:56 | Build | Farm |
| 25:59 | Build | Farm |
| 26:00 | Create | Villager (Male) |
| 26:09 | Create | Villager (Male) |
| 26:09 | Create | Villager (Male) |
| 26:16 | Create | Villager (Male) |
| 26:31 | Create | Unit 2579 |
| 26:32 | Create | Villager (Male) |
| 26:33 | Create | Villager (Male) |
| 26:42 | Build | Farm |
| 26:59 | Create | Villager (Male) |
| 27:00 | Create | Villager (Male) |
| 27:04 | Build | Farm |
| 27:08 | Create | Villager (Male) |
| 27:10 | Build | Farm |
| 27:20 | Build | Town Center |
| 27:26 | Create | Villager (Male) |
| 27:27 | Create | Villager (Male) |
| 27:29 | Create | Villager (Male) |
| 27:31 | Build | Farm |
| 27:32 | Build | Farm |
| 27:35 | Build | Farm |
| 27:37 | Build | Farm |
| 27:39 | Create | Villager (Male) |
| 27:39 | Create | Villager (Male) |
| 27:43 | Create | Unit 2579 |
| 27:43 | Create | Unit 2579 |
Build order — TW_彰化人
First 150 of 429 actions detected
| 0:01 | Create | Villager (Male) |
| 0:03 | Build | House |
| 0:04 | Build | House |
| 0:08 | Create | Villager (Male) |
| 0:08 | Create | Villager (Male) |
| 0:10 | Create | Villager (Male) |
| 0:11 | Create | Villager (Male) |
| 1:26 | Create | Villager (Male) |
| 1:26 | Create | Villager (Male) |
| 2:04 | Create | Villager (Male) |
| 2:05 | Create | Villager (Male) |
| 2:27 | Create | Villager (Male) |
| 2:28 | Create | Villager (Male) |
| 2:28 | Create | Villager (Male) |
| 3:14 | Create | Villager (Male) |
| 3:15 | Create | Villager (Male) |
| 3:15 | Create | Villager (Male) |
| 4:00 | Build | House |
| 4:02 | Create | Villager (Male) |
| 4:02 | Create | Villager (Male) |
| 4:29 | Build | Settlement |
| 4:40 | Create | Villager (Male) |
| 4:41 | Create | Villager (Male) |
| 4:44 | Create | Villager (Male) |
| 4:44 | Create | Villager (Male) |
| 5:33 | Create | Villager (Male) |
| 5:33 | Create | Villager (Male) |
| 5:42 | Create | Villager (Male) |
| 5:42 | Create | Villager (Male) |
| 6:06 | Build | Settlement |
| 6:24 | Create | Villager (Male) |
| 6:24 | Create | Villager (Male) |
| 7:37 | Create | Villager (Male) |
| 7:37 | Create | Villager (Male) |
| 7:54 | Create | Villager (Male) |
| 7:55 | Create | Villager (Male) |
| 8:03 | Build | Farm |
| 8:43 | Create | Villager (Male) |
| 9:02 | Build | Settlement |
| 9:24 | Build | Farm |
| 9:40 | Research | Feudal Age |
| 9:58 | Build | Farm |
| 10:40 | Build | Barracks |
| 10:50 | Build | House |
| 11:29 | Build | House |
| 11:52 | Age | Feudal Age |
| 11:55 | Create | Villager (Male) |
| 11:55 | Create | Villager (Male) |
| 12:00 | Build | Market |
| 12:05 | Build | Blacksmith |
| 12:48 | Research | Castle Age |
| 12:48 | Research | Castle Age |
| 13:03 | Build | Barracks |
| 13:23 | Research | Double-Bit Axe |
| 13:24 | Research | Double-Bit Axe |
| 13:31 | Research | Fletching |
| 13:31 | Research | Fletching |
| 13:59 | Build | Archery Range |
| 15:04 | Build | Archery Range |
| 15:28 | Age | Castle Age |
| 15:32 | Create | Bolas Rider |
| 15:32 | Create | Bolas Rider |
| 15:47 | Create | Bolas Rider ×5 |
| 15:48 | Create | Bolas Rider |
| 15:54 | Create | Villager (Male) |
| 15:54 | Create | Villager (Male) |
| 16:04 | Research | Padded Archer Armor |
| 16:06 | Create | Villager (Male) |
| 16:06 | Create | Villager (Male) |
| 16:12 | Create | Bolas Rider |
| 16:12 | Create | Bolas Rider |
| 16:47 | Build | Siege Workshop |
| 16:56 | Create | Villager (Male) |
| 16:57 | Create | Villager (Male) |
| 17:19 | Build | Farm |
| 17:20 | Build | Farm |
| 17:27 | Create | Bolas Rider ×3 |
| 17:27 | Create | Bolas Rider |
| 17:29 | Create | Villager (Male) |
| 17:32 | Create | Villager (Male) |
| 18:17 | Research | Horse Collar |
| 18:19 | Create | Villager (Male) |
| 18:24 | Build | House |
| 18:24 | Build | House |
| 18:33 | Build | House |
| 18:33 | Build | House |
| 18:33 | Build | House |
| 18:51 | Build | House |
| 18:52 | Build | House |
| 18:53 | Build | House |
| 18:54 | Build | House |
| 19:05 | Build | House |
| 19:06 | Create | Villager (Male) |
| 19:07 | Create | Villager (Male) |
| 19:36 | Create | Battering Ram |
| 19:37 | Create | Battering Ram |
| 19:50 | Create | Bolas Rider |
| 19:52 | Create | Villager (Male) |
| 19:58 | Create | Villager (Male) |
| 20:06 | Build | House |
| 20:07 | Build | House |
| 20:12 | Build | House |
| 20:16 | Create | Bolas Rider |
| 20:16 | Create | Bolas Rider |
| 20:33 | Create | Bolas Rider ×3 |
| 20:34 | Create | Bolas Rider ×3 |
| 20:41 | Create | Villager (Male) |
| 20:41 | Create | Villager (Male) |
| 20:51 | Build | House |
| 21:03 | Create | Battering Ram |
| 21:03 | Create | Battering Ram |
| 21:03 | Create | Battering Ram |
| 21:50 | Create | Villager (Male) |
| 22:19 | Create | Bolas Rider ×5 |
| 22:22 | Create | Archer |
| 22:22 | Create | Archer |
| 22:22 | Create | Archer |
| 22:23 | Create | Archer |
| 22:23 | Create | Archer |
| 22:23 | Create | Archer |
| 22:24 | Create | Archer |
| 22:24 | Create | Archer |
| 22:50 | Build | House |
| 23:20 | Build | Farm |
| 23:21 | Build | Farm |
| 23:22 | Create | Villager (Male) |
| 23:22 | Create | Villager (Male) |
| 23:22 | Create | Villager (Male) |
| 23:25 | Build | Town Center |
| 23:39 | Build | House |
| 24:08 | Create | Bolas Rider ×5 |
| 24:25 | Create | Bolas Rider ×3 |
| 24:25 | Create | Bolas Rider |
| 24:27 | Create | Villager (Male) |
| 25:02 | Build | Archery Range |
| 25:07 | Create | Bolas Rider ×2 |
| 25:08 | Create | Bolas Rider |
| 25:08 | Create | Villager (Male) |
| 25:08 | Create | Villager (Male) |
| 25:14 | Create | Villager (Male) |
| 25:20 | Build | Settlement |
| 25:30 | Create | Villager (Male) |
| 25:32 | Build | Farm |
| 25:33 | Build | Farm |
| 25:33 | Build | Farm |
| 25:33 | Build | Farm |
| 25:33 | Build | Farm |
| 25:34 | Build | Farm |
| 25:35 | Create | Villager (Male) |
| 25:40 | Build | Farm |
Build order — ahjol
First 150 of 288 actions detected
| 0:03 | Create | Villager (Male) |
| 0:03 | Create | Villager (Male) |
| 0:03 | Create | Villager (Male) |
| 0:04 | Build | House |
| 0:06 | Build | House |
| 0:09 | Create | Villager (Male) |
| 1:26 | Build | Lumber Camp |
| 1:26 | Create | Villager (Male) |
| 2:25 | Create | Villager (Male) |
| 2:42 | Create | Villager (Male) |
| 3:18 | Create | Villager (Male) |
| 3:18 | Create | Villager (Male) |
| 3:41 | Build | Palisade Wall |
| 3:52 | Create | Villager (Male) |
| 3:58 | Create | Villager (Male) |
| 4:17 | Build | House |
| 4:33 | Create | Villager (Male) |
| 4:49 | Create | Villager (Male) |
| 4:53 | Create | Villager (Male) |
| 5:29 | Create | Villager (Male) |
| 6:01 | Create | Villager (Male) |
| 6:08 | Create | Villager (Male) |
| 6:22 | Build | House |
| 6:57 | Create | Villager (Male) |
| 7:54 | Create | Villager (Male) |
| 7:56 | Build | Mining Camp |
| 8:08 | Research | Loom |
| 8:47 | Research | Feudal Age |
| 9:05 | Build | House |
| 9:32 | Build | House |
| 9:41 | Create | Villager (Male) |
| 10:25 | Create | Villager (Male) |
| 10:38 | Build | Palisade Gate |
| 10:49 | Build | Barracks |
| 10:49 | Create | Villager (Male) |
| 10:57 | Age | Feudal Age |
| 11:04 | Build | Watch Tower |
| 11:31 | Build | Blacksmith |
| 11:38 | Build | House |
| 11:38 | Create | Villager (Male) |
| 11:42 | Research | Town Watch |
| 11:50 | Build | Palisade Wall |
| 12:08 | Build | House |
| 12:19 | Create | Villager (Male) |
| 12:26 | Research | Fletching |
| 12:26 | Create | Villager (Male) |
| 12:29 | Build | House |
| 12:33 | Build | House |
| 12:59 | Create | Villager (Male) |
| 13:21 | Build | Watch Tower |
| 13:22 | Create | Villager (Male) |
| 13:30 | Research | Double-Bit Axe |
| 13:49 | Build | Palisade Gate |
| 13:57 | Build | Mill |
| 14:02 | Build | Barracks |
| 14:03 | Build | Palisade Wall |
| 14:35 | Build | Gate |
| 14:49 | Create | Villager (Male) |
| 14:54 | Create | Villager (Male) |
| 14:54 | Create | Villager (Male) |
| 15:02 | Create | Villager (Male) |
| 15:08 | Create | Villager (Male) |
| 15:25 | Build | Palisade Wall |
| 15:44 | Create | Villager (Male) |
| 15:47 | Create | Villager (Male) |
| 15:49 | Create | Villager (Male) |
| 15:52 | Build | House |
| 15:54 | Build | Mill |
| 16:11 | Build | Mining Camp |
| 16:24 | Build | Archery Range |
| 16:47 | Build | Farm |
| 17:04 | Build | Farm |
| 17:41 | Build | Stone Wall |
| 17:43 | Create | Villager (Male) |
| 17:49 | Build | Watch Tower |
| 18:06 | Build | Farm |
| 18:12 | Create | Archer |
| 18:12 | Create | Archer |
| 18:18 | Build | Farm |
| 18:50 | Build | Watch Tower |
| 18:53 | Create | Archer |
| 19:10 | Create | Villager (Male) |
| 19:11 | Create | Villager (Male) |
| 19:16 | Build | Farm |
| 19:35 | Create | Archer |
| 19:47 | Build | Watch Tower |
| 19:48 | Create | Villager (Male) |
| 19:53 | Create | Villager (Male) |
| 20:01 | Build | Market |
| 20:11 | Build | Farm |
| 20:29 | Create | Archer |
| 20:46 | Create | Villager (Male) |
| 20:50 | Build | Farm |
| 21:02 | Create | Archer |
| 21:19 | Create | Villager (Male) |
| 21:32 | Build | House |
| 21:52 | Research | Castle Age |
| 22:18 | Build | Farm |
| 22:20 | Build | Farm |
| 22:22 | Build | Farm |
| 22:25 | Research | Stone Mining |
| 22:28 | Build | House |
| 22:49 | Create | Archer |
| 23:12 | Build | Farm |
| 23:20 | Create | Archer |
| 23:22 | Research | Gold Mining |
| 23:35 | Create | Archer |
| 24:26 | Create | Villager (Male) |
| 24:32 | Age | Castle Age |
| 24:36 | Research | Crossbowman (upgrade) |
| 24:36 | Research | Bodkin Arrow |
| 25:10 | Create | Villager (Male) |
| 25:14 | Build | Town Center |
| 25:16 | Create | Villager (Male) |
| 25:27 | Build | Palisade Wall |
| 25:29 | Build | Palisade Wall |
| 25:32 | Research | Bow Saw |
| 25:40 | Build | Town Center |
| 25:43 | Create | Villager (Male) |
| 26:14 | Create | Villager (Male) |
| 26:17 | Build | Lumber Camp |
| 26:20 | Build | Farm |
| 26:20 | Build | Farm |
| 26:20 | Build | Farm |
| 26:21 | Build | Farm |
| 26:21 | Build | Farm |
| 26:21 | Build | Farm |
| 26:23 | Create | Villager (Male) |
| 26:37 | Build | House |
| 26:39 | Build | Palisade Wall |
| 26:41 | Build | Palisade Wall |
| 27:12 | Create | Villager (Male) |
| 27:40 | Create | Villager (Male) |
| 27:40 | Create | Villager (Male) |
| 27:45 | Create | Villager (Male) |
| 27:53 | Create | Villager (Male) |
| 28:00 | Build | Siege Workshop |
| 28:06 | Create | Villager (Male) |
| 28:09 | Build | Farm |
| 28:11 | Build | Farm |
| 28:14 | Build | Farm |
| 28:17 | Build | Farm |
| 28:18 | Build | Farm |
| 28:20 | Research | Horse Collar |
| 28:24 | Create | Villager (Male) |
| 28:25 | Create | Villager (Male) |
| 28:37 | Build | Farm |
| 28:47 | Build | Farm |
| 28:49 | Create | Villager (Male) |
| 28:50 | Create | Villager (Male) |
Build order — TW_HILEO
First 150 of 636 actions detected
| 0:01 | Create | Villager (Male) ×4 |
| 0:02 | Create | Villager (Male) ×4 |
| 0:03 | Build | House |
| 0:04 | Build | House |
| 1:37 | Create | Villager (Male) |
| 1:37 | Create | Villager (Male) |
| 2:18 | Create | Villager (Male) |
| 2:18 | Create | Villager (Male) |
| 2:43 | Create | Villager (Male) |
| 2:43 | Create | Villager (Male) |
| 2:51 | Build | Lumber Camp |
| 3:05 | Create | Villager (Male) |
| 3:05 | Create | Villager (Male) |
| 3:33 | Create | Villager (Male) |
| 3:34 | Create | Villager (Male) |
| 3:53 | Create | Villager (Male) |
| 3:53 | Create | Villager (Male) |
| 4:27 | Build | House |
| 4:27 | Create | Villager (Male) |
| 4:28 | Create | Villager (Male) |
| 4:28 | Create | Villager (Male) |
| 5:02 | Build | House |
| 5:10 | Create | Villager (Male) |
| 5:10 | Create | Villager (Male) |
| 5:38 | Create | Villager (Male) |
| 5:38 | Create | Villager (Male) |
| 5:38 | Create | Villager (Male) |
| 5:38 | Create | Villager (Male) |
| 5:44 | Build | House |
| 5:46 | Build | Mill |
| 7:00 | Create | Villager (Male) |
| 7:01 | Create | Villager (Male) |
| 7:01 | Create | Villager (Male) |
| 7:33 | Create | Villager (Male) |
| 7:33 | Create | Villager (Male) |
| 7:44 | Build | Mill |
| 8:18 | Create | Villager (Male) |
| 8:40 | Create | Villager (Male) |
| 8:44 | Build | Mining Camp |
| 9:21 | Research | Feudal Age |
| 10:02 | Create | Villager (Male) |
| 10:02 | Research | Loom |
| 11:40 | Age | Feudal Age |
| 11:46 | Build | Market |
| 11:47 | Build | Blacksmith |
| 12:37 | Research | Castle Age |
| 12:37 | Research | Castle Age |
| 12:41 | Research | Double-Bit Axe |
| 12:42 | Research | Horse Collar |
| 12:47 | Build | Lumber Camp |
| 13:00 | Build | Stone Wall |
| 13:05 | Create | Villager (Male) |
| 13:36 | Create | Villager (Male) |
| 15:17 | Age | Castle Age |
| 15:27 | Build | Town Center |
| 16:00 | Build | House |
| 16:01 | Create | Villager (Male) |
| 16:03 | Build | Farm |
| 16:08 | Build | Town Center |
| 16:24 | Create | Villager (Male) |
| 16:39 | Build | Town Center |
| 16:41 | Create | Villager (Male) |
| 16:58 | Build | Outpost |
| 17:05 | Create | Villager (Male) |
| 17:10 | Create | Villager (Male) |
| 17:10 | Create | Villager (Male) |
| 17:25 | Build | House |
| 17:27 | Create | Villager (Male) |
| 17:30 | Build | Farm |
| 17:30 | Build | Farm |
| 17:30 | Build | Farm |
| 17:31 | Build | Farm |
| 17:40 | Research | Bow Saw |
| 17:51 | Create | Villager (Male) |
| 18:03 | Build | House |
| 18:17 | Create | Villager (Male) |
| 18:17 | Create | Villager (Male) |
| 18:57 | Build | Outpost |
| 18:58 | Create | Villager (Male) |
| 18:58 | Create | Villager (Male) |
| 18:58 | Create | Villager (Male) |
| 18:59 | Create | Villager (Male) |
| 19:02 | Build | Farm |
| 19:13 | Build | Farm |
| 19:15 | Build | Farm |
| 19:16 | Build | Farm |
| 19:18 | Build | Farm |
| 19:19 | Build | Farm |
| 19:21 | Create | Villager (Male) |
| 19:21 | Create | Villager (Male) |
| 19:26 | Build | House |
| 19:32 | Build | Farm |
| 19:33 | Build | Farm |
| 19:33 | Build | Farm |
| 19:36 | Build | Farm |
| 19:40 | Create | Villager (Male) |
| 19:40 | Create | Villager (Male) |
| 19:42 | Build | Farm |
| 19:42 | Build | Farm |
| 19:42 | Build | Farm |
| 19:42 | Build | Farm |
| 19:43 | Build | Farm |
| 19:43 | Build | Farm |
| 19:43 | Build | Farm |
| 19:48 | Build | Farm |
| 20:04 | Create | Villager (Male) |
| 20:04 | Create | Villager (Male) |
| 20:05 | Create | Villager (Male) |
| 20:09 | Build | House |
| 20:19 | Research | Heavy Plow |
| 20:22 | Create | Villager (Male) |
| 20:22 | Create | Villager (Male) |
| 20:27 | Build | Farm |
| 20:27 | Build | Farm |
| 20:27 | Build | Farm |
| 20:30 | Create | Villager (Male) |
| 20:31 | Create | Villager (Male) |
| 20:35 | Build | Farm |
| 20:37 | Create | Villager (Male) |
| 20:37 | Create | Villager (Male) |
| 20:40 | Build | House |
| 20:46 | Create | Villager (Male) |
| 20:46 | Create | Villager (Male) |
| 20:51 | Build | Farm |
| 21:05 | Research | Wheelbarrow |
| 21:06 | Research | Wheelbarrow |
| 21:10 | Build | Farm |
| 21:21 | Build | House |
| 21:23 | Research | Town Watch |
| 21:24 | Create | Villager (Male) |
| 21:24 | Create | Villager (Male) |
| 21:29 | Build | Farm |
| 21:33 | Build | Farm |
| 21:35 | Create | Villager (Male) |
| 21:35 | Create | Villager (Male) |
| 21:36 | Create | Villager (Male) |
| 21:38 | Create | Villager (Male) |
| 21:39 | Create | Villager (Male) |
| 21:51 | Create | Villager (Male) |
| 21:51 | Create | Villager (Male) |
| 21:52 | Create | Villager (Male) |
| 21:59 | Build | House |
| 22:06 | Create | Villager (Male) |
| 22:06 | Create | Villager (Male) |
| 22:06 | Create | Villager (Male) |
| 22:13 | Build | Farm |
| 22:14 | Build | Farm |
| 22:14 | Build | Farm |
| 22:27 | Create | Villager (Male) |
| 22:27 | Create | Villager (Male) |
Match timeline
| 1:00 | TW_Jerry · wall_segment Palisade Wall x11 |
| 3:41 | ahjol · wall_segment Palisade Wall x10 |
| 4:33 | 丞哥講話你要聽! · wall_segment Palisade Wall x10 |
| 6:00 | 丞哥講話你要聽! · wall_segment Palisade Wall x1 |
| 7:06 | ulan88 · wall_segment Palisade Wall x1 |
| 7:32 | 丞哥講話你要聽! · wall_segment Palisade Wall x1 |
| 7:50 | TW_Jerry · first_building Barracks |
| 8:53 | ulan88 · wall_segment Palisade Wall x1 |
| 9:02 | ulan88 · wall_segment Palisade Wall x2 |
| 9:20 | TW_Jerry · age_up feudal |
| 9:39 | 丞哥講話你要聽! · wall_segment Palisade Wall x10 |
| 9:54 | 丞哥講話你要聽! · wall_segment Palisade Wall x7 |
| 10:40 | TW_彰化人 · first_building Barracks |
| 10:49 | ahjol · first_building Barracks |
| 10:57 | ahjol · age_up feudal |
| 11:13 | usqyn · first_building Barracks |
| 11:14 | 丞哥講話你要聽! · wall_segment Palisade Wall x3 |
| 11:16 | 丞哥講話你要聽! · wall_segment Palisade Wall x5 |
| 11:26 | bOOd · age_up feudal |
| 11:40 | TW_HILEO · age_up feudal |
| 11:50 | ahjol · wall_segment Palisade Wall x1 |
| 11:52 | TW_彰化人 · age_up feudal |
| 11:54 | usqyn · age_up feudal |
| 12:00 | usqyn · first_building Stable |
| 12:07 | 丞哥講話你要聽! · first_building Barracks |
| 12:47 | ulan88 · first_building Barracks |
| 13:00 | TW_HILEO · wall_segment Stone Wall x6 |
| 13:35 | bOOd · first_building Barracks |
| 13:59 | TW_彰化人 · first_building Archery Range |
| 14:02 | usqyn · first_building Archery Range |
| 14:03 | ahjol · wall_segment Palisade Wall x1 |
| 14:59 | 丞哥講話你要聽! · age_up feudal |
| 15:00 | bOOd · age_up castle |
| 15:17 | TW_HILEO · age_up castle |
| 15:21 | bOOd · first_building Stable |
| 15:21 | TW_Jerry · wall_segment Stone Wall x3 |
| 15:25 | ahjol · wall_segment Palisade Wall x1 |
| 15:28 | TW_彰化人 · age_up castle |
| 15:38 | TW_HILEO · first_market_buy 100 stone |
| 15:45 | TW_Jerry · wall_segment Stone Wall x1 |
| 15:46 | TW_Jerry · wall_segment Stone Wall x1 |
| 15:46 | TW_Jerry · wall_segment Stone Wall x2 |
| 15:47 | TW_Jerry · wall_segment Stone Wall x3 |
| 15:47 | TW_Jerry · wall_segment Stone Wall x1 |
| 15:47 | TW_Jerry · wall_segment Stone Wall x1 |
| 15:47 | TW_Jerry · wall_segment Stone Wall x1 |
| 16:02 | 丞哥講話你要聽! · wall_segment Stone Wall x20 |
| 16:21 | TW_HILEO · first_market_sell 100 wood |
| 16:24 | ahjol · first_building Archery Range |
| 16:47 | TW_彰化人 · first_building Siege Workshop |
| 17:03 | TW_Jerry · wall_segment Palisade Wall x1 |
| 17:07 | 丞哥講話你要聽! · first_market_sell 100 wood |
| 17:09 | 丞哥講話你要聽! · first_market_buy 100 food |
| 17:12 | usqyn · age_up castle |
| 17:25 | usqyn · first_building Siege Workshop |
| 17:38 | TW_Jerry · wall_segment Stone Wall x2 |
| 17:41 | ahjol · wall_segment Stone Wall x8 |
| 17:50 | ulan88 · age_up feudal |
| 18:07 | usqyn · first_building Monastery |
| 18:54 | TW_Jerry · wall_segment Stone Wall x3 |
| 18:56 | TW_Jerry · wall_segment Stone Wall x1 |
| 19:14 | bOOd · first_building Monastery |
| 20:04 | 丞哥講話你要聽! · age_up castle |
| 21:02 | 丞哥講話你要聽! · wall_segment Stone Wall x1 |
| 21:03 | 丞哥講話你要聽! · wall_segment Stone Wall x1 |
| 21:09 | ahjol · first_market_sell 100 wood |
| 21:09 | ulan88 · wall_segment Stone Wall x5 |
| 21:15 | ahjol · first_market_buy 100 food |
| 21:23 | ulan88 · wall_segment Stone Wall x6 |
| 21:31 | ulan88 · wall_segment Stone Wall x8 |
| 22:24 | bOOd · wall_segment Palisade Wall x1 |
| 22:39 | ulan88 · age_up castle |
| 22:40 | bOOd · first_market_buy 100 stone |
| 22:55 | bOOd · first_building Castle |
| 23:52 | bOOd · wall_segment Stone Wall x6 |
| 23:55 | ulan88 · first_building Castle |
| 24:03 | 丞哥講話你要聽! · first_building Siege Workshop |
| 24:04 | bOOd · wall_segment Stone Wall x1 |
| 24:14 | TW_Jerry · wall_segment Stone Wall x1 |
| 24:15 | TW_Jerry · wall_segment Stone Wall x1 |
| 24:24 | TW_Jerry · age_up castle |
| 24:28 | TW_Jerry · first_building Castle |
| 24:32 | ahjol · age_up castle |
| 24:33 | TW_HILEO · first_building Monastery |
| 24:45 | 丞哥講話你要聽! · wall_segment Stone Wall x9 |
| 24:51 | TW_Jerry · wall_segment Stone Wall x1 |
| 25:27 | ahjol · wall_segment Palisade Wall x1 |
| 25:29 | TW_Jerry · first_market_buy 100 stone |
| 25:29 | ahjol · wall_segment Palisade Wall x1 |
| 25:45 | bOOd · first_market_sell 100 food |
| 26:39 | ahjol · wall_segment Palisade Wall x1 |
| 26:41 | ahjol · wall_segment Palisade Wall x1 |
| 27:33 | TW_HILEO · first_building Siege Workshop |
| 27:51 | TW_HILEO · first_building Barracks |
| 28:00 | ahjol · first_building Siege Workshop |
| 28:21 | usqyn · first_building Castle |
| 28:28 | TW_彰化人 · first_market_buy 100 stone |
| 28:31 | TW_HILEO · first_building Castle |
| 28:38 | 丞哥講話你要聽! · age_up imperial |
| 29:41 | TW_HILEO · age_up imperial |
| 30:17 | ulan88 · wall_segment Stone Wall x10 |
| 30:22 | ulan88 · wall_segment Stone Wall x8 |
| 31:31 | ulan88 · wall_segment Palisade Wall x3 |
| 32:02 | ahjol · first_building Castle |
| 32:29 | bOOd · first_building Archery Range |
| 33:00 | 丞哥講話你要聽! · first_building Monastery |
| 33:48 | bOOd · age_up imperial |
| 34:17 | usqyn · age_up imperial |
| 34:54 | TW_Jerry · age_up imperial |
| 35:34 | ulan88 · first_building Stable |
| 36:13 | TW_彰化人 · first_market_sell 100 wood |
| 36:21 | TW_彰化人 · first_building Monastery |
| 36:51 | ulan88 · age_up imperial |
| 37:13 | TW_HILEO · wall_segment Stone Wall x11 |
| 37:39 | ahjol · age_up imperial |
| 39:33 | TW_Jerry · first_market_sell 500 wood |
| 40:21 | bOOd · wall_segment Stone Wall x1 |
| 40:34 | TW_彰化人 · age_up imperial |
| 40:47 | ahjol · wall_segment Stone Wall x1 |
| 40:48 | ahjol · wall_segment Stone Wall x1 |
| 40:50 | ahjol · wall_segment Stone Wall x1 |
| 40:53 | ahjol · wall_segment Stone Wall x1 |
| 40:53 | ahjol · wall_segment Stone Wall x1 |
| 43:22 | ahjol · wall_segment Stone Wall x1 |
| 43:24 | ahjol · wall_segment Stone Wall x1 |
| 43:26 | ahjol · wall_segment Stone Wall x1 |
| 43:32 | ahjol · wall_segment Stone Wall x1 |
| 44:47 | bOOd · wall_segment Stone Wall x1 |
| 45:28 | bOOd · resign |
| 48:16 | TW_彰化人 · first_building Castle |
[ AI ANALYSIS · 1 CREDIT ]
What really happened in this match?
Wolo.gg analyzes every decision: build order, eco, micro, common mistakes by bracket. Personalized analysis on WhatsApp or Discord in 30 seconds.
Civ guide
Teutons
Perfil
Jugador #4203992